 Dungeon Crawl Stone Soup version 0.18.1-6-gd335043 (webtiles) character file.

144 Gingerlord the Skirmisher (level 5, -1/57 HPs)
             Began as a Formicid Abyssal Knight on May 17, 2016.
             Was a Believer of Lugonu.
             Slain by a gnoll
             ... wielding a +0 halberd
              (5 damage)
             ... on level 3 of the Dungeon.
             The game lasted 00:04:16 (2066 turns).

Gingerlord the Skirmisher (Formicid Abyssal Knight) Turns: 2066, Time: 00:04:16

Health: -1/57      AC: 22    Str: 19    XL:     5   Next: 52%
Magic:  7/7        EV:  2    Int: 16    God:    Lugonu [**....]
Gold:   115        SH:  0    Dex: 11    Spells: 0 memorised, 4 levels left

rFire  . . .     SeeInvis .     a - +1 falchion
rCold  . . .     Gourm    .     (armour currently unavailable)
rNeg   + + +     Faith    .     (no shield)
rPois  +         Spirit   .     (helmet unavailable)
rElec  .         Dismiss  .     (cloak currently unavailable)
rCorr  .         Reflect  .     (gloves currently unavailable)
SustAt .         Harm     .     (boots currently unavailable)
MR     +....                    (no amulet)
Stlth  +.........               (no ring)
                                j - ring of protection from magic

@: brilliant, tree-form, somewhat resistant to hostile enchantments, very
unstealthy
A: permanent stasis, dig shafts and tunnels, four strong arms, (antennae 0),
deterioration 1, frail 1, strong 1
a: Depart the Abyss, Bend Space, Renounce Religion


You were on level 3 of the Dungeon.
You worshipped Lugonu.
Lugonu was pleased with you.
You were not hungry.
You were a tree.
You visited 1 branch of the dungeon, and saw 3 of its levels.
You visited the Abyss 1 time.

You collected 115 gold pieces.

Inventory:

Hand Weapons
 a - a +1 falchion (weapon)
Armour
 p - a +0 pair of boots (melded)
 v - a +0 ring mail (melded)
Jewellery
 j - a ring of protection from magic (left branch)
Scrolls
 b - a scroll of noise {unknown}
 g - a scroll of teleportation {unknown}
 i - a scroll of amnesia {unknown}
 k - a scroll of fear {unknown}
 l - 2 scrolls of identify {unknown}
 m - 3 scrolls of magic mapping {unknown}
 q - a scroll of recharging {unknown}
 t - a scroll of remove curse {unknown}
 u - a scroll of immolation {unknown}
 w - a scroll of fog {unknown}
Potions
 h - a potion of berserk rage
Comestibles
 c - 2 bread rations
 d - a royal jelly
 f - 2 meat rations
 s - a slice of pizza


   Skills:
 + Level 4.4 Fighting
 + Level 2.8 Long Blades
 + Level 3.1 Armour
 + Level 1.9 Dodging
 + Level 3.1 Invocations


You had 4 spell levels left.
You didn't know any spells.

Dungeon Overview and Level Annotations

Branches:
Dungeon (3/15)

Altars:
Dithmenos
Gozag
Ru
Xom


Innate Abilities, Weirdness & Mutations

You are under a permanent stasis effect.
You can dig through walls and to a lower floor.
Your four strong arms can wield two-handed weapons with a shield.
((You have a pair of large antennae on your head (SInv).))
Your body sometimes deteriorates upon taking damage.
You are frail (-10% HP).
Your muscles are strong. (Str +2)


Message History

You hit the gnoll but do no damage.
The gnoll is almost dead.
The gnoll hits you with a halberd!
* * * LOW HITPOINT WARNING * * *
Drink which item? (? for menu, Esc to quit)
It was a potion of mutation.
You feel extremely strange.
You feel frail.
You feel yourself wasting away.
You feel stronger.
Drink which item? (? for menu, Esc to quit)
It was a potion of brilliance.
You feel clever all of a sudden. The gnoll barely misses you.
Drink which item? (? for menu, Esc to quit)
It was a potion of lignification.
You turn into a tree.
Your +0 pair of boots melds into your body.
Your +0 ring mail melds into your body.
Your roots penetrate the ground.
The gnoll hits you but does no damage.
You hit the gnoll but do no damage.
The gnoll is almost dead.
The gnoll hits you with a halberd.
You die...

## #..# #......#......#### .#
#..###................#
.###...........#.........#
.##..##........#.........#
.#...##..(...............#
...#....#..(....†........#
..##.>.........#.####.####
......#.#......#.# #...
.....##.#......#♣# #####
.........##.#.##g#
.........#..#.##w#
#..........##.##g# . .........##
#..hg# ...
..#############..###########.....
..............g........g
≈≈≈≈≈≈≈≈≈≈≈≈≈≈≈≈≈....≈≈≈
≈≈≈≈≈≈≈≈≈≈≈≈≈g≈≈≈..h.≈≈≈


You could see a worm, 3 gnolls and a jackal.

Vanquished Creatures
  An orc wizard (D:3)
  2 adders (D:3)
  A gnoll (D:3)
  An ooze (D:2)
  2 worms (D:2)
  2 dart slugs
  2 giant geckos
  5 orcs (D:3)
  3 ball pythons
  6 bats
  A giant cockroach (D:1)
  5 goblins
  11 hobgoblins
  7 jackals
  2 quokkas
  5 giant newts
  5 kobolds
  6 rats
67 creatures vanquished.

Vanquished Creatures (others)
  A bat (D:2)
1 creature vanquished.

Grand Total: 68 creatures vanquished

Notes
Turn   | Place    | Note
--------------------------------------------------------------
     0 | Abyss:1  | Gingerlord the Formicid Abyssal Knight began the quest for the Orb.
     0 | Abyss:1  | Reached XP level 1. HP: 18/18 MP: 2/2
    46 | Abyss:1  | Noticed a starcursed mass
    48 | Abyss:1  | Noticed a ynoxinul
    51 | D:1      | Escaped the Abyss
   353 | D:1      | Reached XP level 2. HP: 24/24 MP: 3/3
   385 | D:1      | Reached * piety under Lugonu
   389 | D:1      | Reached skill level 1 in Dodging
   539 | D:1      | Reached XP level 3. HP: 29/30 MP: 4/4
   850 | D:2      | Reached skill level 4 in Fighting
   889 | D:2      | Reached ** piety under Lugonu
   901 | D:2      | Reached XP level 4. HP: 21/37 MP: 5/5
  1213 | D:2      | Found a sacrificial altar of Ru.
  1397 | D:3      | Found an opulent altar of Gozag.
  1397 | D:3      | Found a shimmering altar of Xom.
  1398 | D:3      | Found a shadowy altar of Dithmenos.
  1506 | D:3      | HP: 1/37 [orc wizard/dagger (3)]
  1510 | D:3      | Reached XP level 5. HP: 11/42 MP: 7/7
  2062 | D:3      | HP: 2/43 [gnoll/halberd (7)]
  2063 | D:3      | Gained mutation: You are frail (-10% HP). [potion of mutation]
  2063 | D:3      | Gained mutation: Your body sometimes deteriorates upon taking damage. [potion of mutation]
  2063 | D:3      | Gained mutation: Your muscles are strong. (Str +2) [potion of mutation]
  2066 | D:3      | Slain by a gnoll

Skill      XL: |  1  2  3  4  5 |
---------------+----------------+-----
Dodging        | 1 |  1.9
Fighting       | 4 |  4.4
Armour         | 3 |  3.1
Invocations    | 3 |  3.1
Long Blades    | |  2.8

Action                   |  1- 3 |  4- 6 || total
-------------------------+-------+-------++-------
Melee: Falchion          |   103 |   144 ||   247
Invok: Depart the Abyss  |     1 |       ||     1
  Use: Potion            |       |     7 ||     7
  Eat: Chunk             |       |     4 ||     4
Armor: Leather armour    |    40 |    19 ||    59
       Ring mail         |       |    39 ||    39
       Skin              |       |     1 ||     1
Dodge: Dodged            |    98 |    89 ||   187
